[Event "*** Titled Tuesday Blitz"]
[Site "Chess.com"]
[Date "2021.03.30"]
[Round "8"]
[White "mac0504"]
[Black "Jungle_Jaguar"]
[Result "0-1"]
[WhiteElo "2468"]
[BlackElo "2620"]
[TimeControl "180+1"]
[EndTime "11:27:12 PDT"]
[Termination "Jungle_Jaguar won on time"]

1. e4 e5 2. Nf3 Nc6 3. Bb5 a6 4. Ba4 Nf6 5. O-O Be7 6. c3 O-O 7.
Bc2 d5 8. d4 exd4 9. e5 Ne4 10.
cxd4 Bg4 11. Be3 f6 12. Bxe4 dxe4 13. Qb3+ Kh8 14. Nfd2 Nxd4 15. Qc4 fxe5 16. Nc3 b5 17. Qd5 Ne2+ 18. Kh1 Nxc3 19. Qxd8 Raxd8 20. bxc3 Be2 21. Rfe1 Bd3 22. a4 b4 23. cxb4 Bxb4 24. Rec1 Bxd2 25. Bxd2 Rxf2 26. Ba5 Rc2 27. Rxc2 Bxc2 28. Bxc7 Rd7 29. Bxe5 Bxa4 0-1

[Event "*** Titled Tuesday Blitz"]
[Site "Chess.com"]
[Date "2021.03.30"]
[Round "8"]
[White "tusplingher"]
[Black "KroshkaKami"]
[Result "1-0"]
[WhiteElo "2311"]
[BlackElo "2410"]
[TimeControl "180+1"]
[EndTime "11:27:14 PDT"]
[Termination "tusplingher won by resignation"]

1. e4 e5 2. Bc4 Nf6 3. d4 Nc6 4. Nf3 exd4 5. e5 Ng4 6. O-O Be7 7. Re1 d5 8. exd6 Qxd6 9. g3 O-O 10. Bf4 Qc5 11. Nbd2 Bf5 12. Bd3 Bxd3 13. cxd3 Qd5 14. Ne4 Rac8 15. Nfd2 Nge5 16. Qh5 g6 17. Qe2 Rfe8 18.
Rac1 Bb4 19. Nf6+ Kg7 20. Nxd5 1-0

[Event "*** Titled Tuesday Blitz"]
[Site "Chess.com"]
[Date "2021.03.30"]
[Round "8"]
[White "OriTaichman"]
[Black "JoliyRoger"]
[Result "0-1"]
[WhiteElo "2528"]
[BlackElo "2398"]
[TimeControl "180+1"]
[EndTime "11:27:15 PDT"]
[Termination "JoliyRoger won by resignation"]

1. e4 c6 2. d4 d5 3. e5 Bf5 4.
Nd2 e6 5. Nb3 Nd7 6. Be3 a6 7. f4 Ne7 8. Nf3 Rc8 9. Nc5 Nxc5 10. dxc5 Bg4 11. b4 Nf5 12. Kf2 a5 13. c3 b6 14. h3 Nxe3 15. Kxe3 Bxf3 16. Kxf3 bxc5 17. b5 c4 18. Qa4 Bc5 19. bxc6 O-O 20. Rb1 f6 21.
exf6 Qxf6 22. g3 Qxc3+ 23. Kg4 e5 24. Qb5 Qd4 25. Bg2 Rxf4+ 26. Kg5 Be7+ 27. Kh5 Rh4+ 0-1

[Event "*** Titled Tuesday Blitz"]
[Site "Chess.com"]
[Date "2021.03.30"]
[Round "8"]
[White "GelmanAlexander"]
[Black "OK97"]
[Result "1-0"]
[WhiteElo "2658"]
[BlackElo "2786"]
[TimeControl "180+1"]
[EndTime "11:27:17 PDT"]
[Termination "GelmanAlexander won by resignation"]

1. d4 Nf6 2. Nc3 d5 3. Bf4 e6 4. Nb5 Na6 5. e3 Be7 6. g4 Ne4 7. Bg2 Nd6 8. Nc3 c5 9. Nf3 Nc4 10. Rb1 Qa5 11. O-O O-O 12. Ne2 Bd7 13. b3 Na3 14. Rc1 Rac8 15. Ne5 Bb5 16. c4 dxc4 17. bxc4 Ba4 18. Qd3 cxd4 19. exd4 Nc2 20. Be4 Ncb4 21.
Bxh7+ Kh8 22. Qh3 Bd1 1-0

[Event "*** Titled Tuesday Blitz"]
[Site "Chess.com"]
[Date "2021.03.30"]
[Round "8"]
[White "Zmeeed63"]
[Black "ehrenfeld"]
[Result "0-1"]
[WhiteElo "2335"]
[BlackElo "2505"]
[TimeControl "180+1"]
[EndTime "11:27:20 PDT"]
[Termination "ehrenfeld won on time"]

1. d4 Nf6 2. c4 e6 3. Nc3 Bb4 4. f3 O-O 5. e4 d5 6. e5 Nfd7 7.
f4 c5 8. a3 Ba5 9. dxc5 Bxc3+ 10. bxc3 Nxc5 11. cxd5 exd5 12. Nf3 Nc6 13. Be2 Bf5 14.
Be3 Ne4 15. Rc1 Qa5 16. Nd4 Nxd4 17. Bxd4 Rac8 18. g4 Bd7 19. Qd3 a6 20. Qf3 Bb5 21. Bxb5 Qxb5 22. Qe2 Qxe2+ 0-1

[Event "*** Titled Tuesday Blitz"]
[Site "Chess.com"]
[Date "2021.03.30"]
[Round "8"]
[White "Mili_Brizzi"]
[Black "MuhittinBuker"]
[Result "1-0"]
[WhiteElo "2298"]
[BlackElo "2196"]
[TimeControl "180+1"]
[EndTime "11:27:20 PDT"]
[Termination "Mili_Brizzi won by resignation"]

1. e4 e5 2. Nf3 Nc6 3. d4 exd4 4. Nxd4 Bc5 5. Be3 Qf6 6. c3 Nge7 7. Bc4 Ne5 8. Be2 Qg6 9. O-O d6 10. f4 Qxe4 11.
Bf2 Qxf4 12. Nb5 Bxf2+ 13. Rxf2 Qh4 14. Nxc7+ Kf8 15. Nxa8 Nf5 16. Nc7 g6 17. Na3 Kg7 18. Nab5 Ne3 19. Qxd6 N3g4 20. Bxg4 Nxg4 21. Rf3 Bf5 22.
Raf1 Rd8 23. Qg3 Qe7 24. h3 Ne5 25. Rxf5 f6 26. Rxf6 1-0

[Event "*** Titled Tuesday Blitz"]
[Site "Chess.com"]
[Date "2021.03.30"]
[Round "8"]
[White "FGHSMN"]
[Black "kekic76"]
[Result "1-0"]
[WhiteElo "2644"]
[BlackElo "2374"]
[TimeControl "180+1"]
[EndTime "11:27:22 PDT"]
[Termination "FGHSMN won by resignation"]

1. e4 c5 2. Nf3 d6 3. d4 cxd4 4.
Nxd4 Nf6 5. Nc3 a6 6. h3 b5 7. Bd3 Bb7 8. Qf3 Nbd7 9. a3 Ne5 10. Qe2 Rc8 11. O-O e6 12. Be3 Be7 13. f4 Nc4 14. Bxc4 Rxc4 15. Qd3 Qc7 16. Rae1 Rxc3 17. Qxc3 Qxc3 18.
bxc3 Nxe4 19. c4 bxc4 20. Rb1 Bd5 21. Rb8+ Bd8 22. Rfb1 O-O 23. Rc8 Bf6 24. Rbb8 Be7 25. f5 e5 26. f6 Rxc8 27. Rxc8+ Bf8 28. Nf5 gxf6 29. Bh6 1-0

[Event "*** Titled Tuesday Blitz"]
[Site "Chess.com"]
[Date "2021.03.30"]
[Round "8"]
[White "Oligan22"]
[Black "Korchmar_Vasiliy"]
[Result "0-1"]
[WhiteElo "2512"]
[BlackElo "2645"]
[TimeControl "180+1"]
[EndTime "11:27:23 PDT"]
[Termination "Korchmar_Vasiliy won by resignation"]

1. e4 c5 2. Nf3 d6 3. d4 cxd4 4. Nxd4 Nf6 5. Nc3 Nc6 6. Bg5 e6 7. Qd2 a6 8. O-O-O h6 9. Nxc6 bxc6 10. Bf4 d5 11. Qe3 Bb4 12. a3 Ba5 13. h4 O-O 14.
Be2 Bxc3 15. Qxc3 Nxe4 16. Qe3 Qf6 17. f3 Nf2 18. g4 d4 19. Qd2 e5 20. Bg3 Nxd1 21. Bxd1 Qe6 22. Kb1 Qd5 23. g5 Be6 24. b3 h5 25. Re1 f6 26. gxf6 gxf6 27. Qh6 Ra7 28. Be2 Rb8 29. Qxf6 Rxb3+ 30. cxb3 Qxb3+ 31. Kc1 Qc3+ 0-1

[Event "*** Titled Tuesday Blitz"]
[Site "Chess.com"]
[Date "2021.03.30"]
[Round "8"]
[White "szachuspl"]
[Black "dpruess"]
[Result "1-0"]
[WhiteElo "2551"]
[BlackElo "2360"]
[TimeControl "180+1"]
[EndTime "11:27:26 PDT"]
[Termination "szachuspl won by resignation"]

1. d4 Nf6 2. c4 e6 3. Nf3 c5 4. d5 exd5 5. cxd5 d6 6. Nc3 g6 7. e4 Bg7 8. h3 O-O 9. Bd3 b5 10. Bxb5 Nxe4 11. Nxe4 Qa5+ 12. Nfd2 Qxb5 13. Nxd6 Qa6 14. N2c4 Nd7 15. O-O Nb6 16. Nxc8 Qxc4 17. Ne7+ Kh8 18. Be3 Rfd8 19. Rc1 Qxa2 20. Rxc5 Qxb2 21.
d6 Nd7 22. Rc7 Ne5 23. Qd5 Qb4 24. Bc5 Qa5 25. f4 Qxc7 26. dxc7 Rxd5 27. Nxd5 Nd3 28.
Bd6 Bf8 29. Bxf8 Rxf8 30. Ne7 1-0

[Event "*** Titled Tuesday Blitz"]
[Site "Chess.com"]
[Date "2021.03.30"]
[Round "8"]
[White "ErikBlomqvist"]
[Black "Caterpiller35"]
[Result "1-0"]
[WhiteElo "2591"]
[BlackElo "2389"]
[TimeControl "180+1"]
[EndTime "11:27:29 PDT"]
[Termination "ErikBlomqvist won by resignation"]

1. e4 c5 2. Nf3 Nc6 3. Nc3 e5 4. Bc4 d6 5. d3 Be7 6. a3 Nf6 7. Ng5 O-O 8. h4 Nd4 9. Nd5 Nxd5 10. Bxd5 h6 11. c3 Ne6 12. Nxe6 fxe6 13. Ba2 Bxh4 14.
Qg4 Bxf2+ 15. Ke2 Qf6 16. Bxh6 Bh4 17. Be3 Bf2 18. Raf1 Bxe3 19. Rxf6 Rxf6 20. Kxe3 Bd7 21. Rh3 Raf8 22. Rg3 R8f7 23. Rf3 Kf8 24. Rxf6 gxf6 25. Bxe6 1-0

[Event "*** Titled Tuesday Blitz"]
[Site "Chess.com"]
[Date "2021.03.30"]
[Round "8"]
[White "chessmadara"]
[Black "pavelalexandru07"]
[Result "0-1"]
[WhiteElo "2200"]
[BlackElo "2301"]
[TimeControl "180+1"]
[EndTime "11:27:29 PDT"]
[Termination "pavelalexandru07 won by resignation"]

1. e4 c5 2. Nf3 d6 3. d4 cxd4 4. Nxd4 Nf6 5. Nc3 a6 6. Be2 e5 7. Nb3 Be6 8. Bg5 Be7 9. Bxf6 Bxf6 10. Qd3 Be7 11. O-O-O Nd7 12. Kb1 Nf6 13. Nd2 b5 14. Nf1 Rc8 15. f3 Qa5 16. Ne3 Rxc3 17. Qxc3 Qxa2+ 18. Kc1 O-O 19. Nd5 Nxd5 20. exd5 Bf5 21. Qa3 Bg5+ 22. Rd2 Bxd2+ 23. Kxd2 Qxa3 24. bxa3 Rc8 25. Bd3 Bxd3 26. Kxd3 Rc5 27. a4 Rxd5+ 28. Ke3 Rc5 29.
axb5 axb5 30. Kd3 Kf8 31. c3 Ke7 32. Ra1 Ke6 33. Ra7 g6 34. h4 h5 35. Rb7 Rc4 36.
Rxb5 Rxh4 37. Ke3 Rc4 38. Kd3 Ra4 39. Rb7 Ra2 40. g3 Rg2 0-1

[Event "*** Titled Tuesday Blitz"]
[Site "Chess.com"]
[Date "2021.03.30"]
[Round "8"]
[White "aljado"]
[Black "OlifantCZ"]
[Result "0-1"]
[WhiteElo "2087"]
[BlackElo "2281"]
[TimeControl "180+1"]
[EndTime "11:27:29 PDT"]
[Termination "OlifantCZ won by resignation"]

1. e4 e6 2. d4 d5 3. e5 c5 4.
c3 Nc6 5. Be3 cxd4 6. cxd4 Nge7 7. Nf3 Nf5 8. Bd3 Nxe3 9. fxe3 Bb4+ 10. Nc3 O-O 11. O-O h6 12. Rc1 Bd7 13. a3 Be7 14.
Qe2 a6 15. e4 Bg5 16. Nxg5 Qxg5 17. exd5 Nxd4 18. Qe4 Nf5 19. d6 Bc6 20. Qe2 Ne3 21.
Rf2 Nxg2 22. Rxg2 Qxc1+ 23. Kf2 Qf4+ 24. Kg1 Bxg2 25. Kxg2 f6 26. Bc4 Rae8 27. Ne4 Qxe5 28. d7 Re7 29. Qd3 Rd8 0-1

[Event "*** Titled Tuesday Blitz"]
[Site "Chess.com"]
[Date "2021.03.30"]
[Round "8"]
[White "AthanasiusLefebvre"]
[Black "rugbyclub"]
[Result "0-1"]
[WhiteElo "2038"]
[BlackElo "2262"]
[TimeControl "180+1"]
[EndTime "11:27:30 PDT"]
[Termination "rugbyclub won by resignation"]

1. g3 Nf6 2. Bg2 g6 3. Nf3 Bg7 4. O-O O-O 5. d3 c5 6. c4 Nc6 7. Nc3 a6 8. Rb1 Rb8 9. a3 b5 10. b4 cxb4 11. axb4 bxc4 12. b5 axb5 13. dxc4 bxc4 14.
Rxb8 Nxb8 15. Qa4 d5 16. Rd1 Bd7 17. Qa8 e6 18. Ba3 Re8 19. Ne5 Qc7 20. f4 Nc6 21.
Qa6 Nxe5 22. Bd6 Qc6 23. Qa3 Neg4 24. e4 Ne3 25. exd5 exd5 26. Re1 Nxg2 27. Rxe8+ Bxe8 28. Kxg2 d4+ 0-1

[Event "*** Titled Tuesday Blitz"]
[Site "Chess.com"]
[Date "2021.03.30"]
[Round "8"]
[White "sau6on"]
[Black "kubal123"]
[Result "1-0"]
[WhiteElo "2366"]
[BlackElo "2232"]
[TimeControl "180+1"]
[EndTime "11:27:35 PDT"]
[Termination "sau6on won by resignation"]

1. e4 g6 2. d4 c5 3. Nf3 cxd4 4. Nxd4 Nc6 5. c4 Qb6 6. Nb5 a6 7. Be3 Qa5+ 8. N5c3 Bg7 9. Be2 Nf6 10.
O-O d6 11. Nd2 O-O 12. a3 Qd8 13. Rc1 Be6 14. f4 Rc8 15. b4 Bd7 16. Nb3 h5 17. h3 Kh7 18. g4 hxg4 19. hxg4 Kg8 20. g5 Ne8 21. Rf2 e5 22. f5 f6 23. Qd5+ Rf7 24. fxg6 Qe7 25. gxf7+ Qxf7 26. g6 Qxd5 27. Nxd5 Ne7 28.
Nxe7+ 1-0

[Event "*** Titled Tuesday Blitz"]
[Site "Chess.com"]
[Date "2021.03.30"]
[Round "8"]
[White "paulrusan"]
[Black "woodhy"]
[Result "1-0"]
[WhiteElo "2322"]
[BlackElo "2435"]
[TimeControl "180+1"]
[EndTime "11:27:37 PDT"]
[Termination "paulrusan won by resignation"]

1. e4 e6 2. Nf3 d5 3. e5 c5 4. b4 d4 5. bxc5 Bxc5 6. Ba3 Qd5 7. Bxc5 Qxc5 8. c3 Nc6 9. cxd4 Nxd4 10. Qa4+ Nc6 11.
Nc3 Bd7 12. Ne4 Qb4 13. Bb5 Nge7 14. Nd6+ Kf8 15. Qxb4 Nxb4 16. Bxd7 Nc2+ 17. Ke2 Nxa1 18. Rxa1 Rd8 19. Ba4 b6 20. Rc1 Nd5 21. g3 h6 22. Bc6 Nb4 23. Be4 f5 24. Bb1 Nd5 25. a3 g5 26. Ba2 Ke7 27. Nd4 Rhf8 28. Nc6+ Kd7 29. Bxd5 exd5 30. Nxd8 Rxd8 31. Nxf5 Ke6 32. Nd4+ Kxe5 33. Nc6+ 1-0

[Event "*** Titled Tuesday Blitz"]
[Site "Chess.com"]
[Date "2021.03.30"]
[Round "8"]
[White "chessprincesa1"]
[Black "jamalm2"]
[Result "0-1"]
[WhiteElo "2231"]
[BlackElo "1984"]
[TimeControl "180+1"]
[EndTime "11:27:37 PDT"]
[Termination "jamalm2 won by checkmate"]

1. d4 f5 2. c4 Nf6 3. Nc3 e6 4. Qc2 Be7 5. f3 O-O 6. e3 d6 7. Bd3 Nc6 8. a3 Qe8 9. Nge2 Qg6 10. O-O e5 11. d5 Nd8 12. e4 f4 13. Bxf4 exf4 14. e5 Qh6 15. exf6 Bxf6 16. Nb5 c5 17. Nxd6 Nf7 18. Nxc8 Raxc8 19. Bf5 Rce8 20. Be6 Kh8 21. Bxf7 Rxf7 22. Rad1 Rfe7 23. Rd2 Be5 24. Rfd1 Bd6 25. b4 b6 26. bxc5 Bxc5+ 27. Kh1 Re5 28. Nc3 Qxh2+ 29. Kxh2 Rh5# 0-1

[Event "*** Titled Tuesday Blitz"]
[Site "Chess.com"]
[Date "2021.03.30"]
[Round "8"]
[White "Kozok"]
[Black "AlexPapasimakopoulos"]
[Result "0-1"]
[WhiteElo "2497"]
[BlackElo "2628"]
[TimeControl "180+1"]
[EndTime "11:27:39 PDT"]
[Termination "AlexPapasimakopoulos won by resignation"]

1. e4 e6 2. d4 d5 3. Nc3 Bb4 4.
e5 b6 5. Qg4 Bf8 6. h4 Qd7 7.
h5 h6 8. g3 Ne7 9. Bd3 Ba6 10. Qe2 Bxd3 11. Qxd3 c5 12. Nge2 Nbc6 13. f4 Nf5 14. Be3 cxd4 15. Bxd4 Bc5 16. Bf2 Bxf2+ 17. Kxf2 Nfe7 18. Nb5 O-O 19. Ned4 f6 20. exf6 Rxf6 21. Kg2 e5 22. fxe5 Nxe5 23. Qe2 N7c6 24. Rhf1 Rxf1 25. Rxf1 Re8 26. Qd2 Nc4 27. Qf4 Ne3+ 28.
Kh2 Nxf1+ 29. Qxf1 Nxd4 30. Nxd4 Qg4 31. c3 Qxh5+ 32.
Kg2 Qf7 33. Qd3 Rf8 34. Qe2 Re8 35. Qd3 Qf6 36. a4 Qe5 37. b4 Qe4+ 38. Qxe4 Rxe4 39. a5 Rxd4 40. cxd4 bxa5 41. bxa5 Kf7 42. Kf3 Kf6 43.
Kf4 g5+ 44. Kg4 Kg6 45. Kf3 h5 46. g4 h4 47. Kg2 Kf6 0-1

[Event "*** Titled Tuesday Blitz"]
[Site "Chess.com"]
[Date "2021.03.30"]
[Round "8"]
[White "UKR_Master"]
[Black "fabianvivasz"]
[Result "0-1"]
[WhiteElo "2547"]
[BlackElo "2419"]
[TimeControl "180+1"]
[EndTime "11:27:42 PDT"]
[Termination "fabianvivasz won by resignation"]

1. e4 c5 2. Nf3 d6 3. c3 Nf6 4.
h3 Nc6 5. Bd3 e5 6. Bc2 d5 7. d3 dxe4 8. dxe4 Qxd1+ 9. Kxd1 b6 10.
Be3 Ba6 11. Nbd2 O-O-O 12. Ke1 Bd6 13. Bb3 Rd7 14. Rd1 Rhd8 15. Ng5 Na5 16. Nxf7 Nxb3 17.
Nxd6+ Rxd6 18. axb3 Nxe4 19. f3 Rd3 20. Bf2 Nxd2 21. Rxd2 Rxd2 0-1

[Event "*** Titled Tuesday Blitz"]
[Site "Chess.com"]
[Date "2021.03.30"]
[Round "8"]
[White "MF1966Idrisov"]
[Black "Tacticus_Severus"]
[Result "1-0"]
[WhiteElo "2363"]
[BlackElo "2072"]
[TimeControl "180+1"]
[EndTime "11:27:42 PDT"]
[Termination "MF1966Idrisov won on time"]

1. Nf3 d5 2. b3 c6 3. Bb2 Bg4 4. e3 Nd7 5. d4 Ngf6 6. Be2 e6 7. Nbd2 Bd6 8. Ne5 Bxe2 9. Qxe2 Qe7 10. a3 O-O 11.
O-O c5 12. Nxd7 Nxd7 13. dxc5 Bxc5 14. b4 Bb6 15. c4 dxc4 16. Nxc4 Rac8 17. Rac1 Rfd8 18.
Qg4 e5 19. Qe4 Qe6 20. Nxe5 Nxe5 21. Qxe5 Qxe5 22. Bxe5 f6 23. Bc3 Rd3 24. Bb2 Rxc1 25. Bxc1 Rc3 26. g3 Kf7 27. Kg2 Ke6 28. Kf3 Rc2 29.
Ke4 f5+ 30. Kd3 Ra2 31. Kc4 1-0

[Event "*** Titled Tuesday Blitz"]
[Site "Chess.com"]
[Date "2021.03.30"]
[Round "8"]
[White "BanjoKazooieN64"]
[Black "DKmirl"]
[Result "1-0"]
[WhiteElo "2539"]
[BlackElo "1975"]
[TimeControl "180+1"]
[EndTime "11:27:42 PDT"]
[Termination "BanjoKazooieN64 won by checkmate"]

1. e4 c5 2. Nc3 Nc6 3. f4 g6 4.
Nf3 Bg7 5. Bc4 d6 6. O-O Nf6 7. d3 O-O 8. Qe1 Na5 9. Qh4 Nxc4 10. dxc4 Be6 11. f5 Bxc4 12. Bh6 Bxf1 13. Rxf1 e6 14. Ng5 Nh5 15. Bxg7 Kxg7 16. f6+ Kg8 17. g4 h6 18. gxh5 hxg5 19. Qxg5 Kh7 20. hxg6+ fxg6 21. Rf4 Qe8 22. Rh4+ Kg8 23. Rh8+ Kxh8 24. Qh6+ Kg8 25. Qg7# 1-0

[Event "*** Titled Tuesday Blitz"]
[Site "Chess.com"]
[Date "2021.03.30"]
[Round "8"]
[White "WonderChampion"]
[Black "CraiggoryC"]
[Result "1-0"]
[WhiteElo "2122"]
[BlackElo "2254"]
[TimeControl "180+1"]
[EndTime "11:27:43 PDT"]
[Termination "WonderChampion won by checkmate"]

1. d4 Nf6 2. Bg5 d5 3. Nd2 c6 4. e3 Nbd7 5. Ngf3 h6 6. Bxf6 Nxf6 7. Bd3 g6 8. c4 Bg7 9. cxd5 cxd5 10. O-O O-O 11. Re1 Be6 12. Rc1 Rc8 13. Qb3 Qb6 14.
Qxb6 axb6 15. Ne5 Rxc1 16. Rxc1 Rc8 17. Rxc8+ Bxc8 18. b3 Nd7 19. Nxd7 Bxd7 20. Nf3 Be8 21. Kf1 f6 22. Ke2 e5 23. dxe5 fxe5 24. e4 d4 25. Nd2 b5 26. h4 Kf7 27. g3 Ke6 28.
f4 exf4 29. gxf4 Bf6 30. Nf3 Bc6 31. a3 Kd7 32. e5 Bxf3+ 33. Kxf3 Bxh4 34. Bxg6 Be7 35.
b4 Ke6 36. Ke4 b6 37. f5+ Kd7 38. Kxd4 Kc6 39. Ke4 Bf8 40. f6 Kd7 41. Kf5 Kc6 42. e6 Kd6 43. Bh5 Be7 44. fxe7 Kxe7 45. Ke5 Kd8 46.
Kd6 Kc8 47. e7 Kb7 48. e8=Q Ka6 49. Qa8# 1-0

[Event "*** Titled Tuesday Blitz"]
[Site "Chess.com"]
[Date "2021.03.30"]
[Round "8"]
[White "Tenamu"]
[Black "ChessWarrior7197"]
[Result "0-1"]
[WhiteElo "2483"]
[BlackElo "2902"]
[TimeControl "180+1"]
[EndTime "11:27:44 PDT"]
[Termination "ChessWarrior7197 won on time"]

1. d4 d5 2. Nc3 Nf6 3. Bf4 e6 4. Nb5 Na6 5. e3 Be7 6. Nf3 O-O 7. Ne5 c6 8. Nc3 c5 9. Nb5 Bd7 10. c3 Ne4 11. a4 Be8 12. Bd3 Nd6 13. O-O Nxb5 14.
Bxb5 Nc7 15. Bd3 Bd6 16. Qh5 g6 17. Qh3 f6 18. Ng4 h5 19. Ne5 fxe5 20. dxe5 Be7 21. g4 h4 22. Bc2 g5 23. Bg3 d4 24. Rad1 Bc6 25. f4 Nd5 26. exd4 Ne3 27. Bxh4 Nxc2 28. Qd3 Kg7 0-1

[Event "*** Titled Tuesday Blitz"]
[Site "Chess.com"]
[Date "2021.03.30"]
[Round "8"]
[White "Nice_2_M8te_U"]
[Black "shnitez"]
[Result "1-0"]
[WhiteElo "2587"]
[BlackElo "2472"]
[TimeControl "180+1"]
[EndTime "11:27:45 PDT"]
[Termination "Nice_2_M8te_U won on time"]

1. d4 Nf6 2. Nc3 d5 3. Bf4 e6 4. e3 a6 5. g4 Bb4 6. Bd3 c5 7. dxc5 Qa5 8. Ne2 Nbd7 9. g5 Ne4 10. Bxe4 dxe4 11. a3 Bxc3+ 12. Nxc3 Qxc5 13. Nxe4 Qc6 14. Nd6+ Ke7 15. O-O Rd8 16. Qh5 Rf8 17. Rad1 Nc5 18. Nxc8+ Raxc8 19. Bd6+ Ke8 20. Qxh7 Ne4 21. Bxf8 Kxf8 22.
h4 g6 23. f3 Nc5 24. Qh8+ Ke7 25. Qf6+ Ke8 26. Rd4 Nd7 27. Qg7 Ke7 28. Rfd1 Rc7 29.
Rf4 1-0

[Event "*** Titled Tuesday Blitz"]
[Site "Chess.com"]
[Date "2021.03.30"]
[Round "8"]
[White "Skat2704"]
[Black "jaskol95"]
[Result "1-0"]
[WhiteElo "2622"]
[BlackElo "2414"]
[TimeControl "180+1"]
[EndTime "11:27:45 PDT"]
[Termination "Skat2704 won on time"]

1. d4 e6 2. c4 f5 3. g3 Nf6 4. Bg2 Be7 5. Nc3 d6 6. Nf3 O-O 7. O-O Qe8 8. Bf4 Ne4 9. Nxe4 fxe4 10. Nd2 d5 11. Qb3 c6 12. f3 exf3 13. Nxf3 Nd7 14. Ne5 Nxe5 15. Bxe5 b6 16. e4 Rxf1+ 17. Rxf1 Ba6 18.
exd5 exd5 19. cxd5 Bxf1 20. dxc6+ Kh8 21. Kxf1 Rc8 22.
d5 Bc5 23. Bf4 Qg6 24. Bf3 Qb1+ 25. Kg2 Qg1+ 26. Kh3 Qf1+ 27. Bg2 Qe2 28. Qf3 Qxb2 29. d6 Bxd6 30. Bxd6 Qxa2 31. Qf5 Rg8 32. c7 1-0

[Event "*** Titled Tuesday Blitz"]
[Site "Chess.com"]
[Date "2021.03.30"]
[Round "8"]
[White "McCarthyStone"]
[Black "CzechmVIII"]
[Result "1-0"]
[WhiteElo "2420"]
[BlackElo "2228"]
[TimeControl "180+1"]
[EndTime "11:27:45 PDT"]
[Termination "McCarthyStone won on time"]

1. e4 c5 2. Nf3 d6 3. d4 cxd4 4. Nxd4 Nf6 5. Nc3 g6 6. Be3 Bg7 7. Qd2 Nc6 8. f3 O-O 9. O-O-O d5 10. exd5 Nxd5 11. Nxc6 bxc6 12. Nxd5 cxd5 13. Qxd5 Qc7 14. Qc5 Qb7 15. b3 Be6 16. Bd3 Rfc8 17. Qb5 Qc7 18. g3 Qc3 19. Bf4 a5 20. Rhe1 Qb2+ 21. Kd2 Bc3+ 22.
Ke2 Bxe1 23. Kxe1 Rxc2 24. Bxc2 Qxc2 25. Qe2 Qxe2+ 26. Kxe2 Rc8 27. Rc1 Rxc1 28. Bxc1 Kg7 29. Kd3 f5 30. Bb2+ Kf7 31. Kc2 Bd5 32. f4 Ke6 33. a4 Kd6 34. Bc3 Be4+ 35. Kd2 Bd5 36.
Kc2 Be4+ 37. Kb2 e6 38. Bxa5 e5 39. Bd2 exf4 40. Bxf4+ Kc6 41. Kc3 Bg2 42. b4 Bf3 43.
b5+ Kb7 44. Kb4 Be2 45. a5 h5 46. a6+ Ka8 47. Ka5 Ka7 48. b6+ Ka8 49. b7+ 1-0

[Event "*** Titled Tuesday Blitz"]
[Site "Chess.com"]
[Date "2021.03.30"]
[Round "8"]
[White "grandcoach"]
[Black "artichaud"]
[Result "1-0"]
[WhiteElo "2268"]
[BlackElo "2102"]
[TimeControl "180+1"]
[EndTime "11:27:45 PDT"]
[Termination "grandcoach won on time"]

1. e4 d5 2. exd5 Qxd5 3. Nc3 Qd6 4. Bc4 Nf6 5. d4 a6 6. Nf3 e6 7. Ne5 Nc6 8. Bf4 Nxe5 9. Bxe5 Qc6 10. Qe2 Bb4 11.
d5 Nxd5 12. Bxd5 Qxd5 13. Rd1 Qxg2 14. Kd2 Bd7 15. Rhg1 Qc6 16. Bxg7 Rg8 17. Bf6 Rg6 18. Rxg6 hxg6 19. Kc1 Be7 20. Ne4 Rd8 21. Qf3 Bc8 22. Rxd8+ Kxd8 23. Bxe7+ Kxe7 24. Qf6+ 1-0

[Event "*** Titled Tuesday Blitz"]
[Site "Chess.com"]
[Date "2021.03.30"]
[Round "8"]
[White "viktorgen2021"]
[Black "gatocorbis"]
[Result "0-1"]
[WhiteElo "2248"]
[BlackElo "2103"]
[TimeControl "180+1"]
[EndTime "11:27:48 PDT"]
[Termination "gatocorbis won by checkmate"]

1. d4 Nf6 2. Nf3 g6 3. g3 Bg7 4. Bg2 d5 5. O-O O-O 6. c4 dxc4 7. Na3 Nc6 8. Nxc4 Be6 9. Nce5 Bd5 10. Qe1 Nxd4 11.
Nxd4 Bxg2 12. Kxg2 Qxd4 13. Nf3 Qb6 14. Be3 Qxb2 15. Rb1 Qxa2 16. Rxb7 Nd5 17. Bd4 Bxd4 18.
Nxd4 Nf4+ 19. gxf4 Qd5+ 20. e4 Qxb7 21. f5 Rad8 22. Nf3 Qb5 23. Rg1 Rd3 24. Qe2 Rfd8 25. Kh1 Qb3 26. Ne5 Rd1 27. Qa6 Rxg1+ 28. Kxg1 Qb6 29.
Qc4 Qf6 30. Nc6 Rd1+ 31. Kg2 Qg5+ 32. Kf3 Qh5+ 33. Kf4 g5+ 34. Ke5 Qxh2+ 35. f4 Qxf4# 0-1

[Event "*** Titled Tuesday Blitz"]
[Site "Chess.com"]
[Date "2021.03.30"]
[Round "8"]
[White "CM_rui"]
[Black "Soltan49"]
[Result "1-0"]
[WhiteElo "2446"]
[BlackElo "2243"]
[TimeControl "180+1"]
[EndTime "11:27:51 PDT"]
[Termination "CM_rui won by checkmate"]

1. e4 e5 2. Nf3 d5 3. exd5 Qxd5 4. Nc3 Qe6 5. d3 Nc6 6. Be3 Nf6 7. Be2 Bd7 8. h3 h6 9. Qd2 O-O-O 10. O-O-O Bb4 11.
a3 Ba5 12. Qe1 e4 13. Nd4 Qe7 14. Nxc6 Bxc6 15. d4 Nd5 16. Nxd5 Rxd5 17. Bd2 Bxd2+ 18. Qxd2 Rhd8 19. Qe3 Ba4 20. Bc4 R5d6 21. Rhe1 f5 22. d5 g5 23. Qxa7 Be8 24. Qa8+ Kd7 25. Bb5+ c6 26. Qxb7# 1-0

[Event "*** Titled Tuesday Blitz"]
[Site "Chess.com"]
[Date "2021.03.30"]
[Round "8"]
[White "beto-betun"]
[Black "fQ-System"]
[Result "1-0"]
[WhiteElo "2229"]
[BlackElo "2293"]
[TimeControl "180+1"]
[EndTime "11:27:53 PDT"]
[Termination "beto-betun won on time"]

1. d4 c6 2. Nf3 d5 3. g3 Nf6 4. Bg2 Bf5 5. O-O h6 6. c4 e6 7. b3 Bd6 8. Bb2 Nbd7 9. Nbd2 O-O 10. Ne5 Rc8 11. f3 b5 12. c5 Bb8 13. e4 Bh7 14. Nxc6 Rxc6 15. exd5 exd5 16. f4 Ne4 17. Nf3 b4 18.
Ne5 Nxe5 19. fxe5 a5 20. a3 f6 21. axb4 axb4 22. Ra8 fxe5 23. dxe5 Rxf1+ 24. Qxf1 Rc8 25. e6 Qf8 26. Qxf8+ Rxf8 27. e7 Re8 28. Bh3 Nxc5 29. Bd4 Kf7 30. Bxc5 Be5 31. Rxe8 Kxe8 32. Bg2 Bg8 33.
Bf1 1-0

[Event "*** Titled Tuesday Blitz"]
[Site "Chess.com"]
[Date "2021.03.30"]
[Round "8"]
[White "NiranjanNavalgund"]
[Black "Kildepiotr"]
[Result "0-1"]
[WhiteElo "2502"]
[BlackElo "2678"]
[TimeControl "180+1"]
[EndTime "11:27:55 PDT"]
[Termination "Kildepiotr won by checkmate"]

1. d4 c5 2. dxc5 e6 3. Nd2 Bxc5 4. Ne4 Nf6 5. Nxc5 Qa5+ 6. Bd2 Qxc5 7. Bc3 Nc6 8. f3 d5 9. Bxf6 gxf6 10. Qd2 Bd7 11. e3 Rc8 12. Bd3 Nb4 13. c3 Nxd3+ 14.
Qxd3 Bb5 15. Qd4 Ke7 16. Qxc5+ Rxc5 17. Ne2 Bxe2 18. Kxe2 f5 19. Rad1 b5 20. Rd4 a5 21.
a4 Rb8 22. Ra1 bxa4 23. Rd2 Rcb5 24. Ra2 a3 25. bxa3 Rb3 26. Rdc2 Rc8 27. Kd2 a4 28. Ra1 Kd6 29. f4 Kc5 30. Kd3 Rcb8 31. Raa2 Rb1 32. Rd2 Re1 33. Rab2 Rb1 34. Rxb8 Rxb8 35. Ra2 Rb3 36.
Ra1 Rb2 37. Rg1 f6 38. h3 e5 39. fxe5 fxe5 40. e4 fxe4+ 41. Ke3 Rc2 42. h4 Rxc3+ 43. Kd2 Rg3 44. h5 d4 45. h6 Kd5 46. Kc2 e3 47.
Kd3 e4+ 48. Ke2 d3+ 49. Kd1 Kd4 50. Rh1 Rxg2 51. Rh4 Rg1# 0-1